General information
- name: BNet
- type: Ladder team game (AT/RT)
- host: Battle.net
- saver: teelo
map: Mur'gulOasis
- players: 8
- length: 17:37
- speed: Fast
- version: 1.26 W3XP
- replay type: Public
» download(114 KB)
Players
team 1 (loser)
Zerdel.x (
pink | 59 APM | 921 actions | 15:37)
2 Mountain King
1 Storm Bolt
1 Bash
2 Priestess of the Moon
1 Trueshot Aura
1 Searing Arrows
» actions
| Build / train | 56 | |
| Enter build submenu | 28 | |
| Enter hero's abilities submenu | 4 | |
| Remove unit from queue | 1 | |
| Right click | 492 | |
| Select / deselect | 297 | |
| Use ability | 43 | |
921 total
» units
| Peasant | 9 | |
| Wisp | 10 | |
| Archer | 2 | |
| Footman | 10 | |
| Huntress | 6 | |
| Rifleman | 3 | |
40 total
» upgrades
| Defend | 1 | |
| Plating | 1 | |
| Strength of the Moon | 1 | |
| Gunpowder | 1 | |
| Moon Armor | 1 | |
5 total
» buildings
| Farm | 5 | |
| Altar of Kings | 1 | |
| Moon Well | 5 | |
| Altar of Elders | 1 | |
| Barracks | 2 | |
| Ancient of War | 2 | |
| Hunter's Hall | 1 | |
| Lumber Mill | 2 | |
| Blacksmith | 1 | |
| Keep | 1 | |
| Tree of Ages | 1 | |
| Ancient of Wonders | 1 | |
| Castle | 1 | |
| Arcane Sanctum | 1 | |
| Tree of Eternity | 1 | |
| Ancient of Lore | 1 | |
27 total
» build order
00:12 Farm
00:23 Altar of Kings
00:33 Moon Well
00:37 Altar of Elders
00:43 Barracks
01:01 Ancient of War
01:25 Farm
01:52 Moon Well
02:28 Farm
02:34 Barracks
02:48 Moon Well
02:57 Hunter's Hall
03:09 Farm
03:46 Ancient of War
03:48 Moon Well
04:09 Farm
04:14 Lumber Mill
04:16 Blacksmith
04:26 Lumber Mill
04:43 Moon Well
07:13 Keep
07:16 Tree of Ages
07:26 Ancient of Wonders
11:12 Castle
11:16 Arcane Sanctum
11:28 Tree of Eternity
11:32 Ancient of Lore
Rampageeev2 (
blue | 59 APM | 1031 actions | 17:32)
2 Dreadlord
1 Vampiric Aura
1 Sleep
» actions
| Basic commands | 108 | |
| Build / train | 60 | |
| Enter build submenu | 19 | |
| Enter hero's abilities submenu | 2 | |
| Remove unit from queue | 3 | |
| Right click | 434 | |
| Select / deselect | 373 | |
| Use ability | 32 | |
1031 total
» units
| Acolyte | 2 | |
| Ghoul | 3 | |
| Crypt Fiend | 12 | |
| Archer | 5 | |
| Necromancer | 6 | |
| Obsidian Statue | 2 | |
| Huntress | 4 | |
| Meatwagon | 2 | |
36 total
» upgrades
| Creature Attack | 1 | |
| Creature Carapace | 1 | |
| Web | 1 | |
3 total
» buildings
| Altar of Darkness | 1 | |
| Ziggurat | 10 | |
| Crypt | 2 | |
| Graveyard | 1 | |
| Tomb of Relics | 1 | |
| Spirit Tower | 6 | |
| Halls of the Dead | 4 | |
| Temple of the Damned | 1 | |
| Slaughterhouse | 1 | |
| Nerubian Tower | 5 | |
32 total
» build order
00:09 Altar of Darkness
00:12 Ziggurat
00:43 Crypt
01:20 Graveyard
01:23 Crypt
01:37 Ziggurat
02:37 Tomb of Relics
04:53 Ziggurat
04:54 Spirit Tower
04:57 Ziggurat
07:11 Halls of the Dead
07:11 Halls of the Dead
07:11 Halls of the Dead
07:56 Ziggurat
08:01 Ziggurat
09:37 Spirit Tower
09:38 Spirit Tower
09:48 Temple of the Damned
09:55 Slaughterhouse
10:34 Spirit Tower
10:42 Ziggurat
11:43 Nerubian Tower
12:22 Ziggurat
13:23 Nerubian Tower
13:57 Ziggurat
14:11 Ziggurat
15:09 Spirit Tower
15:10 Nerubian Tower
16:32 Spirit Tower

»
MacDrizzy (
yellow | 49 APM | 857 actions | 17:36)
2 Demon Hunter
1 Immolation
1 Evasion
1 Priestess of the Moon
1 Searing Arrows
» actions
| Assign group hotkey | 9 | |
| Basic commands | 10 | |
| Build / train | 31 | |
| Enter build submenu | 30 | |
| Enter hero's abilities submenu | 3 | |
| Remove unit from queue | 1 | |
| Right click | 290 | |
| Select / deselect | 321 | |
| Select group hotkey | 118 | |
| Use ability | 44 | |
857 total
» units
» buildings
| Altar of Elders | 2 | |
| Moon Well | 5 | |
| Ancient of War | 2 | |
| Ancient of Wonders | 2 | |
| Hunter's Hall | 2 | |
| Ancient Protector | 3 | |
| Tree of Life | 1 | |
17 total
» build order
00:05 Altar of Elders
00:07 Moon Well
00:38 Ancient of War
01:35 Ancient of Wonders
02:25 Moon Well
02:42 Hunter's Hall
03:08 Moon Well
03:54 Ancient Protector
04:13 Ancient Protector
04:26 Moon Well
05:25 Ancient of War
06:24 Hunter's Hall
08:09 Ancient of Wonders
09:36 Ancient Protector
11:30 Moon Well
11:52 Altar of Elders
16:45 Tree of Life
» items
team 2 (winner)
4k.Green (
green | 54 APM | 951 actions | 17:36)
6 Warden
3 Shadow Strike
2 Fan of Knives
1 Spirit of Vengeance
» actions
| Assign group hotkey | 28 | |
| Basic commands | 67 | |
| Build / train | 51 | |
| ESC pressed | 3 | |
| Enter build submenu | 24 | |
| Enter hero's abilities submenu | 7 | |
| Right click | 284 | |
| Select / deselect | 252 | |
| Select group hotkey | 115 | |
| Use ability | 120 | |
951 total
» units
| Wisp | 18 | |
| Dryad | 4 | |
| Druid of the Claw | 2 | |
| Mountain Giant | 2 | |
26 total
» upgrades
| Ultravision | 1 | |
| Abolish Magic | 1 | |
| Strength of the Wild | 1 | |
| Reinforced Hides | 1 | |
| Druid of the Claw Training | 2 | |
| Mark of the Claw | 1 | |
| Hardened Skin | 1 | |
8 total
» buildings
| Moon Well | 5 | |
| Altar of Elders | 1 | |
| Ancient of War | 6 | |
| Tree of Ages | 3 | |
| Hunter's Hall | 1 | |
| Ancient of Lore | 2 | |
| Tree of Eternity | 2 | |
| Ancient of Wonders | 1 | |
| Tree of Life | 1 | |
22 total
» build order
00:19 Moon Well
00:33 Altar of Elders
00:41 Ancient of War
00:45 Ancient of War
00:51 Ancient of War
02:56 Ancient of War
03:27 Ancient of War
03:37 Tree of Ages
03:38 Tree of Ages
03:38 Tree of Ages
03:41 Ancient of War
04:28 Hunter's Hall
04:30 Moon Well
05:24 Moon Well
06:02 Ancient of Lore
06:24 Ancient of Lore
07:20 Moon Well
09:25 Tree of Eternity
09:25 Tree of Eternity
09:28 Moon Well
11:33 Ancient of Wonders
15:36 Tree of Life
» items
| Boots of Speed | 1 | |
| Circlet of Nobility | 1 | |
| Potion of Lesser Invulnerability | 1 | |
| Scroll of Healing | 1 | |
4 total
SOMANYBADALLIES (
purple | 68 APM | 1200 actions | 17:36)
4 Archmage
2 Brilliance Aura
2 Summon Water Elemental
4 Goblin Alchemist
2 Acid Bomb
2 Chemical Rage
» actions
| Assign group hotkey | 14 | |
| Basic commands | 33 | |
| Build / train | 60 | |
| Enter build submenu | 22 | |
| Enter hero's abilities submenu | 9 | |
| Right click | 434 | |
| Select / deselect | 320 | |
| Select group hotkey | 239 | |
| Use ability | 69 | |
1200 total
» units
| Peasant | 11 | |
| Sorceress | 8 | |
| Priest | 8 | |
| Spell Breaker | 1 | |
28 total
» upgrades
| Sorceress Training | 2 | |
| Priest Training | 2 | |
| Masonry | 3 | |
7 total
» buildings
| Keep | 1 | |
| Altar of Kings | 1 | |
| Farm | 10 | |
| Arcane Sanctum | 2 | |
| Castle | 1 | |
| Lumber Mill | 1 | |
| Scout Tower | 6 | |
| Guard Tower | 5 | |
| Arcane Vault | 1 | |
28 total
» build order
00:46 Keep
01:25 Altar of Kings
01:34 Farm
03:14 Arcane Sanctum
03:15 Arcane Sanctum
03:34 Farm
04:07 Farm
05:28 Farm
08:05 Farm
09:43 Castle
09:47 Farm
09:48 Farm
09:55 Lumber Mill
11:01 Scout Tower
11:03 Scout Tower
11:06 Scout Tower
11:11 Scout Tower
11:35 Guard Tower
11:38 Guard Tower
11:40 Scout Tower
11:44 Scout Tower
11:46 Guard Tower
12:45 Guard Tower
12:48 Guard Tower
15:19 Arcane Vault
15:27 Farm
15:29 Farm
15:31 Farm
» items
| Scroll of Regeneration | 1 | |
| Scroll of Town Portal | 2 | |
3 total
teelo (
teal | 66 APM | 1164 actions | 17:37)
5 Blood Mage
2 Flame Strike
3 Siphon Mana
» actions
| Assign group hotkey | 91 | |
| Basic commands | 86 | |
| Build / train | 46 | |
| ESC pressed | 3 | |
| Enter build submenu | 24 | |
| Enter hero's abilities submenu | 5 | |
| Right click | 411 | |
| Select / deselect | 150 | |
| Select group hotkey | 274 | |
| Use ability | 74 | |
1164 total
» units
» upgrades
| Masonry | 1 | |
| Swords | 1 | |
| Plating | 2 | |
| Defend | 1 | |
5 total
» buildings
| Altar of Kings | 1 | |
| Farm | 10 | |
| Barracks | 2 | |
| Scout Tower | 8 | |
| Arcane Tower | 2 | |
| Lumber Mill | 1 | |
| Blacksmith | 1 | |
| Arcane Vault | 1 | |
| Guard Tower | 2 | |
28 total
» build order
00:38 Altar of Kings
00:59 Farm
01:09 Farm
01:28 Barracks
01:44 Farm
02:12 Scout Tower
02:32 Barracks
02:45 Scout Tower
02:48 Scout Tower
02:51 Arcane Tower
02:56 Lumber Mill
03:15 Farm
03:37 Blacksmith
03:43 Arcane Vault
04:13 Guard Tower
04:15 Arcane Tower
05:24 Farm
05:26 Farm
05:30 Farm
05:31 Farm
09:03 Scout Tower
09:05 Scout Tower
09:05 Scout Tower
09:05 Scout Tower
09:07 Scout Tower
09:44 Guard Tower
09:48 Farm
09:49 Farm
» items
| Scroll of Regeneration | 2 | |
| Lesser Clarity Potion | 6 | |
8 total
Fetus_Stabber (
red | 37 APM | 658 actions | 17:36)
4 Mountain King
2 Storm Bolt
2 Bash
» actions
| Assign group hotkey | 13 | |
| Basic commands | 88 | |
| Build / train | 40 | |
| Enter build submenu | 19 | |
| Enter hero's abilities submenu | 4 | |
| Right click | 264 | |
| Select / deselect | 160 | |
| Select group hotkey | 34 | |
| Use ability | 36 | |
658 total
» units
| Peasant | 8 | |
| Footman | 7 | |
| Rifleman | 5 | |
| Knight | 1 | |
| Mortar Team | 3 | |
| Siege Engine | 1 | |
25 total
» upgrades
| Gunpowder | 2 | |
| Long Rifles | 1 | |
| Armor | 1 | |
| Animal War Training | 1 | |
| Fragmentation Shards | 1 | |
| Barrage | 1 | |
7 total
» buildings
| Farm | 9 | |
| Altar of Kings | 1 | |
| Barracks | 3 | |
| Lumber Mill | 2 | |
| Blacksmith | 1 | |
| Arcane Vault | 1 | |
| Keep | 2 | |
| Castle | 1 | |
| Workshop | 1 | |
21 total
» build order
00:07 Farm
00:09 Altar of Kings
00:34 Barracks
01:08 Barracks
01:22 Farm
01:39 Lumber Mill
01:46 Lumber Mill
02:47 Farm
03:33 Barracks
05:05 Blacksmith
05:32 Arcane Vault
05:34 Keep
06:11 Keep
07:39 Farm
07:41 Farm
09:08 Castle
09:11 Farm
09:12 Farm
11:21 Farm
11:22 Farm
13:30 Workshop
Chat log
(00:17 / All) teelo: NOOOOOOOOOOOOOOOOOOOOOOOOOOOO
(00:27 / All) SOMANYBADALLIES: i think he smells his own pussy
(00:57 / Allies) 4k.Green: в
(00:58 / Allies) 4k.Green: d
(00:59 / Allies) SOMANYBADALLIES: 10 years too late for that
(01:08 / Allies) SOMANYBADALLIES: should've made it when you were in there
(01:24 / All) MacDrizzy: isnt going 2 work
(01:40 / All) SOMANYBADALLIES: true yellow
(01:43 / All) SOMANYBADALLIES: thats what I said
(01:51 / Allies) SOMANYBADALLIES: wow?
(01:57 / All) SOMANYBADALLIES: lol teal is retarded too LOL
(02:05 / Allies) teelo: its called scouting you idiot
(02:17 / Allies) SOMANYBADALLIES: you just wasted 80g and 20 wood
(02:20 / Allies) teelo: really
(02:24 / Allies) teelo: considering I can cancel it at anytime
(02:29 / Allies) SOMANYBADALLIES: half of that
(02:36 / Allies) teelo: worth it
(02:40 / Allies) SOMANYBADALLIES: nah
(02:44 / Allies) SOMANYBADALLIES: not even worth it
(02:47 / Allies) SOMANYBADALLIES: it did nothing
(04:20 / Allies) 4k.Green: dh
(05:52 / Allies) Fetus_Stabber: heal me and we hit again
(05:52 / All) SOMANYBADALLIES: lol why would you cut through the middle?
(06:10 / Allies) 4k.Green: wood plz
(06:34 / Allies) 4k.Green: ty
(11:27 / Allies) teelo: now or never I have no workers left
(12:54 / All) MacDrizzy: guys guess what pink sai smart u guys attack the best bahha
(12:59 / All) teelo: for the record, I made that wall in that spot completely by accident
(13:28 / All) SOMANYBADALLIES: nah teal
(13:33 / All) SOMANYBADALLIES: you left your base un guarded
(13:42 / All) teelo: uh purp
(13:49 / All) teelo: did you not notice them get trapped earlier and owned
(13:52 / All) SOMANYBADALLIES: your keep is in the middle of no wheer and your buildinsgs are far from your keep lol
(13:54 / All) teelo: when we were defending their first push
(14:00 / All) SOMANYBADALLIES: nah cause I was there with slow
(14:04 / All) SOMANYBADALLIES: is what won that battle
(14:15 / All) teelo: No the wall won it, you didnt have slow yet
(14:25 / All) Rampageeev2: wall was smart
(14:26 / All) SOMANYBADALLIES: sorc comes with slow
(14:30 / All) SOMANYBADALLIES: even if its not teched
(14:36 / All) teelo: the wall was a mistake, I didn't mean to build it there, lol
(14:44 / All) Rampageeev2: hahaha
(14:45 / Allies) SOMANYBADALLIES: not really thats why his main died before his building
(14:58 / All) SOMANYBADALLIES: his main died before his buildings so therefore it wasnt smart
(15:00 / Allies) Fetus_Stabber: gettin tanks for blues gay ass
(15:12 / All) Zerdel.x: they are still making skellies and think it iwll win
(15:25 / All) Zerdel.x: when u have casters
(15:57 / All) SOMANYBADALLIES: should be your name
(16:34 / All) 4k.Green: mass foor ns tower xD
(17:19 / All) teelo: lol at that rifleman still chipping away
(17:29 / All) Rampageeev2: gg